 Dungeon Crawl Stone Soup version 0.28.0-43-g3370ac3207 (webtiles) character file.

Game seed: 11342945443975844182

98 vilexy the Conjurer (level 4, -4/24 HPs)
             Began as a Tengu Conjurer on Mar 3, 2022.
             Slain by Grinder (5 damage)
             ... on level 3 of the Dungeon.
             The game lasted 00:05:27 (2489 turns).

vilexy the Conjurer (Tengu Conjurer)                Turns: 2489, Time: 00:05:28

Health: -4/24      AC:  2    Str:  7    XL:     4   Next: 71%
Magic:  3/10       EV: 12    Int: 21    God:
Gold:   165        SH:  0    Dex: 12    Spells: 2/9 levels left

rFire   . . .      SeeInvis .   d - +0 short sword
rCold   . . .      Faith    .   (no shield)
rNeg    . . .      Spirit   .   a - +0 robe
rPois   .          Reflect  .   (helmet restricted)
rElec   .          Harm     .   (no cloak)
rCorr   .          Rampage  .   (no gloves)
Will    .....                   (boots unavailable)
Stlth   ++........              (no amulet)
HPRegen 0.08/turn               (no ring)
MPRegen 0.12/turn               (no ring)

@: hasted, very quick
A: beak, talons 3
a: no special abilities


You were on level 3 of the Dungeon.
You visited 1 branch of the dungeon, and saw 3 of its levels.

You collected 165 gold pieces.

Inventory:

Hand Weapons
 d - a +0 short sword (weapon)
Missiles
 c - 4 boomerangs of dispersal
Armour
 a - a +0 robe (worn)
 b - a +0 kite shield
Magical Staves
 j - a staff of earth
Scrolls
 e - a scroll of summoning {unknown}
 i - a scroll of identify {unknown}
Potions
 f - a potion of heal wounds {unknown}
 g - a potion of degeneration {unknown}
 h - a potion of haste
 k - a potion of invisibility {unknown}


   Skills:
 - Level 2.1 Dodging
 - Level 2.0 Stealth
 + Level 3.4 Spellcasting
 + Level 6.7 Conjurations


You had 2 spell levels left.
You knew the following spells:

 Your Spells              Type           Power      Damage    Failure   Level
a - Magic Dart            Conj           100%       1d8       1%          1
b - Searing Ray           Conj           62%        2d6       1%          2
c - Fulminant Prism       Conj/Hex       8%         3d7       32%         4

Your spell library contained the following spells:

 Spells                   Type           Power      Damage    Failure   Level
 Static Discharge         Conj/Air       17%        N/A       4%          2
 Apportation              Tloc           6%         N/A       13%         1
 Dazzling Flash           Conj/Hex       34%        N/A       10%         3
 Iskenderun's Mystic Bla  Conj/Tloc      17%        2d5       32%         4
 Sticky Flame             Conj/Fire      17%        2d4       32%         4
 Dispel Undead            Necr           3%         3d7       77%         4
 Alistair's Intoxication  Tmut/Pois      2%         N/A       98%         5


Dungeon Overview and Level Annotations

Branches:
Dungeon (3/15)

Altars:
Elyvilon

Shops:
D:1 *

Annotations:
D:3 Grinder


Innate Abilities, Weirdness & Mutations

You have a beak for a mouth.
You have claws for feet.


Message History

Confirm with . or Enter, or press ? or * to list all spells.
You don't have enough magic to cast this spell.
You are too injured to fight recklessly!
Unknown command.
Casting: Magic Dart (safe; 1% risk of failure)
Confirm with . or Enter, or press ? or * to list all spells.
You don't have enough magic to cast this spell.
Unknown command.
Casting: Magic Dart (safe; 1% risk of failure)
Confirm with . or Enter, or press ? or * to list all spells.
You don't have enough magic to cast this spell.
Unknown command.
Unknown command.
Casting: Magic Dart (safe; 1% risk of failure)
Confirm with . or Enter, or press ? or * to list all spells.
You don't have enough magic to cast this spell.
It was a potion of haste.
You feel yourself speed up. The orc priest closely misses you.
The orc priest looks braver for a moment.
The orc throws a boomerang.
The boomerang barely misses you.
The orc priest invokes the aid of Beogh against you.
Pain shoots through your body!
* * * LOW HITPOINT WARNING * * *
You open the door.
A dart slug comes into view.
The dart slug launches a dart at you. The slug dart hits you.
* * * LOW HITPOINT WARNING * * *
There is an open door here.
The dart slug launches a dart at you. The slug dart misses you.
A hobgoblin comes into view.
Grinder comes into view.
Found 8 gold pieces.
Grinder shouts!
Grinder says, "Mostly I couldn't keep them alive."
Grinder hits you.
* * * LOW HITPOINT WARNING * * *
You writhe in agony.
You die...

###########
##.g........ ##
##...@...$... +.#
##.....5...... #.#
#....######### #.#
#...## #.#
#....##############.##
##..........w.....#..#
##...............'..#
##..............#..##
################....


You could see Grinder and a hobgoblin (wandering).

Vanquished Creatures
  4 adders
  A worm (D:2)
  2 dart slugs
  2 orcs (D:3)
  4 bats
  5 endoplasms
  6 giant cockroaches
  4 goblins (D:1)
  A hobgoblin (D:2)
  2 jackals (D:3)
  A quokka (D:1)
  7 ball pythons
  2 frilled lizards
  6 kobolds
  2 rats
49 creatures vanquished.

Vanquished Creatures (others)
  A fungus (D:1)
1 creature vanquished.

Grand Total: 50 creatures vanquished

Notes
Turn   | Place    | Note
-------+----------+-------------------------------------------
     0 | D:1      | vilexy the Tengu Conjurer began the quest for the Orb.
     0 | D:1      | Reached XP level 1. HP: 10/10 MP: 4/4
   231 | D:1      | Reached XP level 2. HP: 15/15 MP: 3/6
   501 | D:1      | Learned a level 2 spell: Searing Ray
   636 | D:1      | Found Fenk's Assorted Antiques.
   719 | D:1      | Found a faded altar of an unknown god.
   976 | D:1      | Reached XP level 3. HP: 19/19 MP: 3/7
  1141 | D:1      | Reached skill level 6 in Conjurations
  2097 | D:3      | Found a white marble altar of Elyvilon.
  2111 | D:3      | Reached XP level 4. HP: 24/24 MP: 5/9
  2414 | D:3      | Learned a level 4 spell: Fulminant Prism
  2486 | D:3      | Noticed Grinder
  2489 | D:3      | HP: 1/24 [Grinder (4)]
  2489 | D:3      | Slain by Grinder

Illustrated notes

Levels and vault maps discovered:
D:1:      lightli_arrival_windingriver, layout_loops_corners, serial_shops,
          nicolae_shop_crystal, serial_rivers, chequers_serial_rivers_room_a,
          chequers_serial_rivers_micro_b, chequers_serial_rivers_small_b,
          chequers_serial_rivers_micro_d, chequers_serial_rivers_micro_e,
          shapermc_ecumenical_altar_gd
D:2:      layout_loops_ring, minmay_stone_trees_small
D:3:      cheibrodos_pilgrimage, layout_basic, amcnicky_altar_gilded,
          serial_shops, shop, nrook_uturn, chequers_serial_rivers_micro_e,
          uniq_grinder

Skill      XL: |  1  2  3 |
---------------+----------+-----
Conjurations   | 6 |  6.7
Spellcasting   | 3 |  3.4
Dodging        | |  2.1
Stealth        | |  2.0

Action                   |  1- 3 |  4- 6 || total
-------------------------+-------+-------++-------
Melee: Short sword       |     1 |     4 ||     5
       Peck              |       |     1 ||     1
 Cast: Magic Dart        |    73 |    25 ||    98
       Searing Ray       |       |     1 ||     1
  Use: Potion            |       |     1 ||     1
Armor: Robe              |     1 |     1 ||     2
Dodge: Dodged            |     2 |    11 ||    13
